 Dungeon Crawl Stone Soup version 0.20-b1 (webtiles) character file.

1205 Inarius the Slasher (level 8, -1/69 HPs)
             Began as a Minotaur Fighter on May 18, 2017.
             Was an Initiate of Trog.
             Killed by nerve-wracking pain
             ... invoked by Menkaure
              (6 damage)
             ... on level 5 of the Dungeon.
             The game lasted 00:10:38 (3667 turns).

Inarius the Slasher (Minotaur Fighter)              Turns: 3667, Time: 00:10:39

Health: -1/69      AC: 14    Str: 26    XL:     8   Next: 21%
Magic:  7/7        EV:  9    Int:  8    God:    Trog [......]
Gold:   215        SH: 11    Dex: 12    Spells: 7/7 levels left

rFire    + . .     SeeInvis .   a - +1 long sword
rCold    + . .     Gourm    .   c - +0 shield
rNeg     + . .     Faith    .   n - +3 scale mail
rPois    +         Spirit   .   (helmet restricted)
rElec    +         Reflect  .   (no cloak)
rCorr    +         Harm     .   A - +1 pair of gloves
MR       .....                  o - +0 pair of boots
Stlth    ..........             (no amulet)
Regen    0.3/turn               u - +3 ring of intelligence
MPRegen  0.1/turn               p - ring of positive energy

@: mighty, resistant
A: retaliatory headbutt, horns 2
a: Burn Spellbooks, Renounce Religion


You were on level 5 of the Dungeon.
You worshipped Trog.
Trog was noncommittal.
You were not hungry.

You visited 2 branches of the dungeon, and saw 6 of its levels.

You collected 215 gold pieces.

Inventory:

Hand Weapons
 a - a +1 long sword (weapon)
 h - a +2 whip of flaming
 q - a +0 spear of pain
Armour
 c - a +0 shield (worn)
 n - a +3 scale mail (worn)
 o - a +0 pair of boots (worn)
 A - a +1 pair of gloves (worn)
Jewellery
 l - an uncursed ring of see invisible
 p - a ring of positive energy (right hand)
 u - a +3 ring of intelligence (left hand)
Scrolls
 y - a scroll of immolation {unknown}
 z - a scroll of teleportation
 B - a scroll of magic mapping {unknown}
Potions
 e - 2 potions of curing {unknown}
 g - 2 potions of degeneration {unknown}
 i - a potion of ambrosia
 j - 2 potions of agility
 m - a potion of brilliance
 r - 3 potions of magic {unknown}
 s - a potion of cancellation {unknown}
 t - a potion of invisibility {unknown}
 v - 2 potions of lignification {unknown}
 x - a potion of mutation {unknown}
 C - a potion of heal wounds {unknown}
Comestibles
 f - 8 bread rations
 k - a meat ration


   Skills:
 + Level 5.4 Fighting
 + Level 7.5 Long Blades
 + Level 6.4 Armour
 + Level 2.2 Dodging
 + Level 0.6 Stealth
 + Level 6.8 Shields


You had 7 spell levels left.
You didn't know any spells.

Dungeon Overview and Level Annotations

Branches:
Dungeon (5/15)             Temple (1/1) D:4

Altars:
Elyvilon
Fedhas
Makhleb
Okawaru
Qazlal
Trog
Vehumet
Yredelemnul
Zin

Shops:
D:5 ((%*%

Annotations:
D:5 Menkaure


Innate Abilities, Weirdness & Mutations

You reflexively headbutt those who attack you in melee.
You have a pair of horns on your head.


Message History

Menkaure calls on the powers of darkness!
Your body is wracked with pain!
All of the chunks of flesh in your inventory have rotted away.
You feel protected. Menkaure barely misses you.
Menkaure hits you but does no damage.
You barely miss Menkaure.
The quokka twitches its whiskers.
Menkaure points at you and mumbles some strange words.
Pain shoots through your body!
* * * LOW HITPOINT WARNING * * *
The quokka bites you but does no damage.
You slash Menkaure! You headbutt Menkaure!
Menkaure is almost destroyed.
Menkaure hits you!
* * * LOW HITPOINT WARNING * * *
The quokka bites you but does no damage.
You feel very mighty all of a sudden.
Menkaure points at you and mumbles some strange words.
Pain shoots through your body!
You die...

#.#...## #.# #.......###
###.. #...### #.#
#.###.....#####...#
..### #.# #[
##......##..### ..#
#.###. ##.#.##.#..###.
.## #.##..
...........>##. ## .....
####.#.#####....
####.(.#####............
......M#.......#########
......r@.#####.# #.
.......### ### #.
####### #. ## #


You could see Menkaure and a quokka.

Vanquished Creatures
  Pikel (D:5)
  Sigmund (D:3)
  An ogre (D:5)
  2 hounds (D:4)
  5 orc wizards
  A bullfrog skeleton (D:4)
  A worker ant (D:5)
  A hound zombie (D:5)
  9 adders
  5 oozes
  A worm (D:3)
  3 dart slugs (D:1)
  3 leopard geckos
  12 orcs
  A ball python (D:1)
  5 bats (D:1)
  4 giant cockroaches
  5 goblins
  11 hobgoblins
  10 jackals
  2 quokkas (D:3)
  6 frilled lizards
  3 kobolds
  7 rats
100 creatures vanquished.

Vanquished Creatures (others)
  A scorpion (D:5)
  A hound skeleton (D:5)
  An orc (D:5)
3 creatures vanquished.

Grand Total: 103 creatures vanquished

Notes
Turn   | Place    | Note
-------+----------+-------------------------------------------
     0 | D:1      | Inarius the Minotaur Fighter began the quest for the Orb.
     0 | D:1      | Reached XP level 1. HP: 19/19 MP: 0/0
   107 | D:1      | Reached XP level 2. HP: 25/27 MP: 1/1
   429 | D:1      | Reached XP level 3. HP: 33/33 MP: 2/2
   694 | D:2      | Reached skill level 3 in Long Blades
  1064 | D:2      | Reached XP level 4. HP: 30/41 MP: 3/3
  1262 | D:2      | Found a glowing silver altar of Zin.
  1514 | D:3      | Reached XP level 5. HP: 46/47 MP: 4/4
  1525 | D:3      | Noticed Sigmund
  1545 | D:3      | Killed Sigmund
  1545 | D:3      | Reached skill level 4 in Long Blades
  1545 | D:3      | Reached skill level 5 in Armour
  1545 | D:3      | Reached skill level 5 in Shields
  1545 | D:3      | Reached XP level 6. HP: 29/55 MP: 5/5
  1776 | D:3      | Reached skill level 1 in Dodging
  2334 | D:3      | Reached skill level 5 in Fighting
  2534 | D:4      | Found a white marble altar of Elyvilon.
  2536 | D:4      | Found an iron altar of Okawaru.
  2538 | D:4      | Found a radiant altar of Vehumet.
  2547 | D:4      | Found a staircase to the Ecumenical Temple.
  2558 | Temple   | Entered the Ecumenical Temple
  2590 | Temple   | Became a worshipper of Trog the Wrathful
  2639 | D:4      | Reached skill level 5 in Long Blades
  3065 | D:5      | Entered Level 5 of the Dungeon
  3070 | D:5      | Found Puohol's Food Boutique.
  3103 | D:5      | Reached XP level 7. HP: 46/61 MP: 6/6
  3131 | D:5      | Found Muebae Jejo's Assorted Antiques.
  3257 | D:5      | Found Voih Fite's Food Shop.
  3268 | D:5      | Noticed Pikel
  3282 | D:5      | Killed Pikel
  3282 | D:5      | Reached skill level 7 in Long Blades
  3282 | D:5      | Reached XP level 8. HP: 64/69 MP: 7/7
  3371 | D:5      | Found Unga's Weapon Emporium.
  3494 | D:5      | Found Bebbaetz's Weapon Shop.
  3656 | D:5      | Noticed Menkaure
  3667 | D:5      | Killed from afar by Menkaure

Skill      XL: |  1  2  3  4  5  6  7 |
---------------+----------------------+-----
Fighting       | 4 5 |  5.4
Shields        | 4 5 6 |  6.8
Long Blades    | 3 4 5 7 |  7.5
Armour         | 4 5 6 |  6.4
Dodging        | 1 2 |  2.2
Stealth        | |  0.6

Action                   |  1- 3 |  4- 6 |  7- 9 || total
-------------------------+-------+-------+-------++-------
Melee: Long sword        |    91 |   143 |    48 ||   282
       Headbutt          |    15 |    31 |    14 ||    60
  Use: Scroll            |       |     9 |     1 ||    10
       Potion            |       |       |     2 ||     2
  Eat: Chunk             |     1 |     5 |     1 ||     7
       Royal jelly       |       |     1 |       ||     1
Armor: Scale mail        |    60 |    56 |    19 ||   135
Dodge: Dodged            |    40 |    33 |    10 ||    83
Block: Shield            |    64 |    71 |    19 ||   154
       Rpst.: Long sword |    12 |     6 |     2 ||    20
